 Dungeon Crawl Stone Soup version 0.21.1-1-g345015f (webtiles) character file.

31149 prawnwizard the Earth Mage (level 13, -3/83 HPs)
             Began as a Gargoyle Earth Elementalist on July 4, 2018.
             Was a High Priest of Vehumet.
             Slain by a death yak (15 damage)
             ... on level 4 of the Lair of Beasts.
             The game lasted 01:15:29 (17509 turns).

prawnwizard the Earth Mage (GrEE)                  Turns: 17509, Time: 01:15:29

Health: -3/83      AC: 20    Str: 19    XL:     13   Next: 56%
Magic:  11/27      EV: 13    Int: 21    God:    Vehumet [*****.]
Gold:   931        SH:  5    Dex: 10    Spells: 15/32 levels left

rFire    + + .     SeeInvis +   A - +2 whip (freeze)
rCold    + . .     Gourm    .   h - +1 buckler
rNeg     + + +     Faith    .   L - +0 troll leather armour
rPois    ∞         Spirit   .   M - +2 helmet
rElec    +         Reflect  .   c - scarf {rC+ rF+}
rCorr    .         Harm     .   s - +1 pair of gloves
MR       .....                  m - +0 pair of boots of Action {rPois Str+4}
Stlth    +.........             x - amulet of magic regeneration
HPRegen  0.63/turn              j - ring of Beosyoth {rF+ rN+++ Str+3 SInv Stlth-}
MPRegen  0.45/turn              H - ring of see invisible

@: no status effects
A: negative energy resistance 1, electricity resistance, unbreathing,
petrification resistance, rot immunity, AC +9
a: Renounce Religion


You were on level 4 of the Lair of Beasts.
You worshipped Vehumet.
Vehumet was extremely pleased with you.
You were very hungry.

You visited 3 branches of the dungeon, and saw 19 of its levels.

You collected 931 gold pieces.

Inventory:

Hand Weapons
 A - a +2 whip of freezing (weapon)
 G - the cursed +1 long sword of the Invisible Lives {vamp, rC+ rN+ Str+4, unknown}
   (You found it on level 8 of the Dungeon)

   It inflicts no extra harm, but heals its wielder when it wounds a living foe.
   It affects your strength (+4).
   It protects you from cold.
   It protects you from negative energy.
   It has a curse placed upon it.
 J - a +0 mace of holy wrath
Missiles
 b - 72 stones (quivered)
Armour
 c - a scarf of resistance (worn)
 h - a +1 buckler (worn)
 m - the +0 pair of boots of Action (worn) {rPois Str+4}
   (You found it on level 6 of the Dungeon)

   It affects your strength (+4).
   It protects you from poison.
 s - a +1 pair of gloves (worn)
 u - a scarf of spirit shield
 L - a +0 troll leather armour (worn)
 M - a +2 helmet (worn)
Magical Staves
 v - an uncursed staff of air
 E - an uncursed staff of poison
Jewellery
 a - an uncursed ring of protection from fire
 j - the ring of Beosyoth (left hand) {rF+ rN+++ Str+3 SInv Stlth-}
   (You acquired it on level 8 of the Dungeon)

   [ring of protection from fire]

   It affects your strength (+3).
   It protects you from fire.
   It renders you almost immune to negative energy.
   It lets you see invisible.
   It makes you less stealthy.
 x - an amulet of magic regeneration (around neck)
 z - an uncursed amulet of guardian spirit
 H - a ring of see invisible (right hand)
 T - an uncursed ring of protection from fire
Wands
 y - a wand of polymorph (29)
 O - a wand of flame (21)
Scrolls
 k - 2 scrolls of fog
 p - 5 scrolls of amnesia
 r - 7 scrolls of teleportation
 w - a scroll of identify
 D - 3 scrolls of enchant armour
 F - a scroll of blinking {unknown}
 I - 2 scrolls of remove curse
 P - 2 scrolls of magic mapping
 Q - a scroll of enchant weapon {unknown}
 S - a scroll of vulnerability {unknown}
Potions
 f - 5 potions of flight
 g - 11 potions of curing
 i - 2 potions of cancellation {unknown}
 l - a potion of agility {unknown}
 n - 2 potions of ambrosia
 o - a potion of brilliance
 q - 4 potions of mutation
 t - 2 potions of haste
 N - a potion of might
 U - a potion of degeneration
 V - 4 potions of resistance
 X - a potion of berserk rage
 Y - a potion of heal wounds
 Z - a potion of invisibility
Books
 e - a book of Geomancy

   Spells                             Type                      Level
   a - Sandblast                      Earth                        1
   b - Passwall                       Transmutation/Earth          2
   c - Stone Arrow                    Conjuration/Earth            3
   d - Petrify                        Transmutation/Earth          4
   e - Lee's Rapid Deconstruction     Earth                        5
 R - a book of Unlife

   Spells                             Type                      Level
   a - Recall                         Summoning/Translocation      3
   b - Animate Dead                   Necromancy                   4
   c - Borgnjor's Vile Clutch         Necromancy/Earth             5
   d - Death Channel                  Necromancy                   6
   e - Simulacrum                     Ice/Necromancy               6
 W - a book of Changes

   Spells                             Type                      Level
   a - Beastly Appendage              Transmutation                1
   b - Sticks to Snakes               Transmutation                2
   c - Spider Form                    Transmutation/Poison         3
   d - Ice Form                       Ice/Transmutation            4
   e - Blade Hands                    Transmutation                5
Comestibles
 d - 34 rations


   Skills:
 + Level 10.6 Fighting
 - Level 5.0 Maces & Flails
 - Level 4.0 Armour
 - Level 4.1 Dodging
 - Level 2.2 Stealth
 - Level 4.0 Shields
 + Level 10.3 Spellcasting
 * Level 5.3 Conjurations
 - Level 4.0 Necromancy
   Level 0.7 Transmutations
 + Level 15.1 Earth Magic
 - Level 3.1 Evocations


You had 15 spell levels left.
You knew the following spells:

 Your Spells              Type           Power        Failure   Level  Hunger
a - Sandblast             Erth           ######       0%          1    None
b - Lee's Rapid Deconstr  Erth           ######....   1%          5    ####...
c - Borgnjor's Vile Clut  Necr/Erth      ######....   3%          5    ####...
d - Iron Shot             Conj/Erth      ######....   4%          6    ######.


Dungeon Overview and Level Annotations

Branches:
Dungeon (13/15)            Temple (1/1) D:6            Lair (5/6) D:10
  Swamp (0/4) Lair:2       Spider (0/4) Lair:2          Orc (0/2) D:9
  Slime: Lair:5-6    Vaults: D:13-14

Altars:
Ashenzari
Cheibriados
Dithmenos
Elyvilon
Fedhas
Gozag
Hepliaklqana
Kikubaaqudgha
Makhleb
Nemelex Xobeh
Okawaru
Qazlal
Ru
Sif Muna
Trog
Uskayaw
Vehumet
Wu Jian
Xom
Yredelemnul
Zin
The Shining One

Shops:
D:7 *


Innate Abilities, Weirdness & Mutations

You are resistant to torment.
Your stone body is resilient. (AC +9)
You are immune to poison.
You resist negative energy. (rN+)
You are resistant to electric shocks. (rElec)
You can survive without breathing.
You are immune to petrification.
You are immune to rotting.


Message History

The death yak gores you!!
A steam dragon comes into view.
You are feeling very hungry.
You enter the shallow water.
Moving in this stuff is going to be slow.
You block the death yak's attack.
You enter the shallow water.
Moving in this stuff is going to be slow.
The death yak gores you!
* * * LOW HITPOINT WARNING * * *
You see here a water moccasin corpse.
All of the chunks of flesh in your inventory have rotted away.
There is a stone staircase leading up here.
You can't go down here!
The death yak gores you!
* * * LOW HITPOINT WARNING * * *
You climb upwards.
There is a stone staircase leading down here.
The death yak gores you!
You die...

#### ######..# ###
######......#####.#
##.............#...#####
#.................P.#..###
..#.......?.....@>.......#
.###.............Y.##.####
## #..........(....#.## #
#..>...........#.##
#...............##
#..............P#
#..............##
#............###
#...........##


You could see a death yak.

Vanquished Creatures
  A hydra (Lair:1)
  Erica (Lair:2)
  2 two-headed ogres
  6 death yaks
  A slime creature (D:11)
  An unseen horror (D:11)
  Pikel (D:7)
  8 deep elf magi (D:11)
  A cyclops (D:12)
  2 black mambas
  3 spiny frogs
  2 gargoyles (D:11)
  5 komodo dragons
  A queen bee (D:8)
  A troll (D:10)
  5 blink frogs (Lair:4)
  A hornet (D:11)
  Prince Ribbit (D:5)
  9 hippogriffs
  A vampire (D:11)
  2 redbacks (Lair:2)
  A wraith (D:10)
  2 wyverns (Lair:2)
  A basilisk (Lair:1)
  25 yaks
  6 swamp worms (Lair:2)
  5 water moccasins
  A porcupine (Lair:2)
  A hornet zombie (D:12)
  7 orc warriors (D:9)
  2 ice beasts
  A slave (D:7)
  2 eyes of draining
  2 necrophages
  6 ogres
  3 wolves (Lair:2)
  3 phantoms
  3 centaurs
  The ghost of leafyfresh the Changer, an amateur MfTm (D:6)
  2 crocodiles
  3 big kobolds
  11 bullfrogs
  5 scorpions
  26 killer bees
  5 electric eels
  8 howler monkeys
  5 crimson imps
  A centaur zombie (D:7)
  A quasit (D:7)
  2 bullfrog zombies
  A hound (D:4)
  3 jellies
  9 orc priests
  A bullfrog skeleton (D:5)
  A gnoll shaman (D:8)
  2 centaur skeletons
  3 iguanas (D:6)
  10 orc wizards
  11 worker ants
  A hound skeleton (D:9)
  A worker ant zombie (D:6)
  5 gnolls (D:8)
  10 adders
  A shadow imp (D:5)
  An ooze (D:5)
  4 worms
  2 dart slugs
  4 leopard geckos
  41 orcs
  2 bats
  5 giant cockroaches
  7 goblins
  9 hobgoblins
  11 jackals
  9 quokkas
  A ball python (D:2)
  8 frilled lizards
  A giant cockroach zombie (D:5)
  A jackal skeleton (D:6)
  23 kobolds
  A quokka skeleton (D:5)
  10 rats
  A fungus (Lair:1)
396 creatures vanquished.

Vanquished Creatures (others)
  A bullfrog (D:6)
  An orc wizard (D:9)
  A fungus (Lair:2)
3 creatures vanquished.

Grand Total: 399 creatures vanquished

Notes
Turn   | Place    | Note
-------+----------+-------------------------------------------
     0 | D:1      | prawnwizard the Gargoyle Earth Elementalist began the quest for the Orb.
     0 | D:1      | Reached XP level 1. HP: 10/10 MP: 3/3
   256 | D:1      | Reached skill level 4 in Earth Magic
   256 | D:1      | Reached XP level 2. HP: 15/15 MP: 5/5
   612 | D:1      | Reached XP level 3. HP: 19/19 MP: 6/6
  2031 | D:3      | Reached XP level 4. HP: 24/24 MP: 6/8
  2091 | D:3      | Reached skill level 5 in Earth Magic
  2186 | D:3      | Found a faded altar of an unknown god.
  2237 | D:3      | Reached XP level 5. HP: 28/28 MP: 10/10
  2542 | D:3      | Found an opulent altar of Gozag.
  3231 | D:4      | Reached skill level 6 in Earth Magic
  3231 | D:4      | Reached XP level 6. HP: 25/32 MP: 1/12
  3799 | D:5      | Entered Level 5 of the Dungeon
  3842 | D:5      | Noticed an ice beast
  3982 | D:4      | Learned a level 5 spell: Lee's Rapid Deconstruction
  4184 | D:5      | Noticed Prince Ribbit
  4205 | D:5      | Killed Prince Ribbit
  4205 | D:5      | Reached skill level 5 in Spellcasting
  4205 | D:5      | Reached skill level 7 in Earth Magic
  4205 | D:5      | Reached XP level 7. HP: 18/36 MP: 8/14
  4473 | D:5      | Noticed a hippogriff
  4491 | D:5      | Killed a hippogriff
  4491 | D:5      | Reached skill level 8 in Earth Magic
  4634 | D:5      | Reached XP level 8. HP: 22/41 MP: 2/17
  4888 | D:5      | Reached skill level 1 in Shields
  5212 | D:6      | Noticed leafyfresh's ghost (amateur MfTm)
  5217 | D:6      | Killed leafyfresh's ghost
  5217 | D:6      | Reached skill level 1 in Fighting
  6067 | D:6      | Found a staircase to the Ecumenical Temple.
  6078 | Temple   | Entered the Ecumenical Temple
  6239 | Temple   | Became a worshipper of Vehumet
  6576 | D:6      | Found a sparkling altar of Nemelex Xobeh.
  6585 | D:6      | Found a snail-covered altar of Cheibriados.
  6729 | D:6      | Got a pair of faintly glowing boots
  6737 | D:6      | Identified the +0 pair of boots of Action {rPois Str+4} (You found it on level 6 of the Dungeon)
  6940 | D:7      | Found Zin's Purification Station.
  6940 | D:7      | Found a glowing silver altar of Zin.
  6944 | D:7      | Noticed a hippogriff
  6948 | D:7      | Killed a hippogriff
  6948 | D:7      | Reached skill level 9 in Earth Magic
  6948 | D:7      | Reached XP level 9. HP: 49/49 MP: 7/18
  7374 | D:7      | Noticed Pikel
  7378 | D:7      | Killed Pikel
  7797 | D:8      | Reached skill level 1 in Maces & Flails
  7894 | D:8      | Reached * piety under Vehumet
  7894 | D:8      | Offered knowledge of Shock by Vehumet.
  7957 | D:8      | Reached skill level 10 in Earth Magic
  8038 | D:8      | Reached XP level 10. HP: 45/58 MP: 21/21
  8091 | D:8      | Reached skill level 5 in Fighting
  8488 | D:8      | Identified a scroll of acquirement
  8489 | D:8      | Got a bound pewter ring
  8490 | D:8      | Identified the ring of Beosyoth {rF+ rN+++ Str+3 SInv Stlth-} (You acquired it on level 8 of the Dungeon)
  8696 | D:8      | Got a crude long sword
  8784 | D:9      | Found a sparkling altar of Nemelex Xobeh.
  8924 | D:9      | Reached ** piety under Vehumet
  8928 | D:9      | Offered knowledge of Sting by Vehumet.
  9291 | D:9      | Reached skill level 11 in Earth Magic
 10190 | D:9      | Found a staircase to the Orcish Mines.
 10340 | D:8      | Offered knowledge of Dazzling Spray by Vehumet.
 10547 | D:10     | Entered Level 10 of the Dungeon
 10658 | D:10     | Reached *** piety under Vehumet
 10852 | D:10     | Reached XP level 11. HP: 30/66 MP: 23/23
 11216 | D:10     | Reached skill level 12 in Earth Magic
 11367 | D:10     | Noticed a two-headed ogre
 11375 | D:10     | Killed a two-headed ogre
 11909 | D:10     | Found a staircase to the Lair.
 12143 | D:11     | Noticed a deep elf mage
 12144 | D:11     | Noticed a deep elf mage
 12144 | D:11     | Killed a deep elf mage
 12145 | D:11     | Killed a deep elf mage
 12145 | D:11     | Killed a deep elf mage
 12145 | D:11     | Killed a deep elf mage
 12145 | D:11     | Offered knowledge of Airstrike by Vehumet.
 12145 | D:11     | Reached skill level 13 in Earth Magic
 12146 | D:11     | Noticed a deep elf mage
 12146 | D:11     | Killed a deep elf mage
 12146 | D:11     | Killed a deep elf mage
 12146 | D:11     | Killed a deep elf mage
 12147 | D:11     | Killed a deep elf mage
 12250 | D:11     | Learned a level 5 spell: Borgnjor's Vile Clutch
 12262 | D:11     | Reached skill level 1 in Armour
 12262 | D:11     | Reached skill level 1 in Necromancy
 12323 | D:11     | Reached XP level 12. HP: 75/75 MP: 12/25
 12526 | D:11     | Reached **** piety under Vehumet
 12548 | D:11     | Reached skill level 14 in Earth Magic
 13038 | D:12     | Offered knowledge of Mephitic Cloud by Vehumet.
 13150 | D:12     | Found a glowing silver altar of Zin.
 13271 | D:12     | Noticed a two-headed ogre
 13276 | D:12     | Killed a two-headed ogre
 13935 | Lair:1   | Entered Level 1 of the Lair of Beasts
 14009 | Lair:1   | Noticed a five-headed hydra
 14019 | Lair:1   | Killed a five-headed hydra
 14815 | Lair:2   | Noticed a death yak
 14815 | Lair:2   | Noticed a death yak
 14815 | Lair:2   | Noticed a death yak
 14820 | Lair:2   | Noticed a death yak
 14821 | Lair:2   | Noticed a death yak
 14888 | Lair:2   | Noticed Erica
 14892 | Lair:2   | Killed Erica
 14907 | Lair:1   | Reached skill level 5 in Maces & Flails
 15018 | Lair:1   | Killed a death yak
 15018 | Lair:1   | Reached skill level 1 in Evocations
 15047 | Lair:1   | Killed a death yak
 15177 | Lair:1   | Killed a death yak
 15281 | Lair:1   | Killed a death yak
 15281 | Lair:1   | Reached ***** piety under Vehumet
 15283 | Lair:1   | Killed a death yak
 15283 | Lair:1   | Offered knowledge of Iron Shot by Vehumet.
 15283 | Lair:1   | Reached skill level 10 in Fighting
 15283 | Lair:1   | Reached XP level 13. HP: 45/82 MP: 2/26
 15291 | Lair:1   | Learned a level 6 spell: Iron Shot
 15348 | Lair:2   | Reached skill level 1 in Conjurations
 15427 | Lair:2   | Reached skill level 10 in Spellcasting
 15695 | Lair:2   | Found a hole to the Spider Nest.
 15938 | Lair:2   | Found a staircase to the Swamp.
 17264 | Lair:4   | Reached skill level 15 in Earth Magic
 17479 | Lair:5   | Reached skill level 5 in Conjurations
 17509 | Lair:4   | Slain by a death yak

Skill      XL: |  1  2  3  4  5  6  7  8  9 10 11 12 13 |
---------------+----------------------------------------+-----
Earth Magic    | 4 5 6 7 8 9 10 11 13 14 15 | 15.1
Spellcasting   | 3 4 5 6 7 8 9 10 | 10.3
Shields        | 3 4 |  4.0
Fighting       | 2 4 6 8 10 | 10.6
Dodging        | 2 4 |  4.1
Maces & Flails | 2 4 5 |  5.0
Armour         | 1 4 |  4.0
Necromancy     | 1 4 |  4.0
Evocations     | 3 |  3.1
Conjurations   | 5 |  5.3
Stealth        | |  2.2
Transmutations | |  0.7

Action                   |  1- 3 |  4- 6 |  7- 9 | 10-12 | 13-15 || total
-------------------------+-------+-------+-------+-------+-------++-------
Melee: Mace              |   127 |    78 |       |       |       ||   205
       War axe           |       |    18 |   133 |       |       ||   151
       Whip              |       |       |    34 |   579 |   181 ||   794
 Cast: Sandblast         |    18 |    50 |    93 |   138 |    73 ||   372
       Lee's Rapid Decon |       |       |    16 |    77 |    18 ||   111
       Iron Shot         |       |       |       |       |     3 ||     3
  Use: Scroll            |       |       |    13 |     4 |     6 ||    23
 Stab: Sleeping          |     5 |     2 |     2 |       |       ||     9
  Eat: Chunk             |     4 |     4 |    13 |    28 |     7 ||    56
       Ration            |       |     1 |     1 |     4 |     1 ||     7
Armor: Robe              |    53 |    46 |   131 |   120 |       ||   350
       Scale mail        |       |       |       |   115 |       ||   115
       Troll leather arm |       |       |       |    45 |   112 ||   157
Dodge: Dodged            |    97 |    88 |   159 |   353 |   137 ||   834
Block: Buckler           |       |       |     4 |   152 |    60 ||   216
